 Dungeon Crawl Stone Soup version 0.15-a0-717-ga3c592f (webtiles) character file.

38986 4tharraofdagon the Severer (level 13, -8/107 (111) HPs)
             Began as a Minotaur Gladiator on May 10, 2014.
             Was a High Priest of the Shining One.
             Killed from afar by a deep elf fighter (15 damage)
             ... with a puff of flame
             ... on Level 4 of the Orcish Mines.
             The game lasted 01:09:41 (9782 turns).

4tharraofdagon the Severer (Minotaur Gladiator)     Turns: 9782, Time: 01:09:41

HP  -8/107 (111) AC 15     Str 25      XL: 13   Next: 66%
MP  18/18        EV 12     Int  9      God: the Shining One [*****.]
Gold 817         SH  0     Dex 12      Spells:  3 memorised, 16 levels left

rFire  . . .     SeeInvis .     a - +2,+3 war axe
rCold  . . .     Rnd*Rage +     K - +0 troll leather armour {Snorg}
rNeg   + + .     Conserve .     (no shield)
rPois  +         rCorr    .     (helmet unavailable)
rElec  .         rRot     .     I - +0 cloak
SustAb . .       Spirit   .     s - +3 pair of gauntlets of War {Acc+5 Dam+5}
rMut   +         Warding  .     P - +2 pair of boots {Stlth+}
Gourm  .         Stasis   .     x - amulet of resist mutation
MR     .....                    E - +3 ring of strength
                                e - ring "Abrish" {Wiz rPois Int+4}

@: about to teleport, exhausted, slowed, glowing, very slow, not resistant to
hostile enchantments, very unstealthy
A: retaliatory headbutt, beak, horns 3, talons 1, agile 1, berserk 1, dopey 2,
low mp 1, no device heal 1
a: Divine Shield, Cleansing Flame, Summon Divine Warrior, Renounce Religion


You were on level 4 of the Orcish Mines.
You worshipped the Shining One.
The Shining One was extremely pleased with you.
You were very hungry.

You visited 4 branches of the dungeon, and saw 25 of its levels.
You also visited: Ossuary.

You collected 1675 gold pieces.
You spent 858 gold pieces at shops.

Inventory:

Hand weapons
 a - a +2,+3 war axe (weapon)
 Z - a +0,+0 battleaxe
Missiles
 k - 18 darts (quivered)
Armour
 s - the +3 pair of gauntlets of War (worn) {Acc+5 Dam+5}
   (You found it on level 8 of the Lair of Beasts)

   It affects your accuracy with ranged weapons and melee attacks (+5).
   It affects your damage with ranged weapons and melee attacks (+5).
 t - a +0 ice dragon armour
 I - a +0 cloak (worn)
 K - a +0 troll leather armour (worn) {Snorg}
 P - a +2 pair of boots of stealth (worn)
 S - a +2 hat of magic resistance
Magical devices
 u - a wand of slowing (11)
 w - a wand of digging (20)
 y - a wand of slowing (5)
 F - a wand of fireball (1)
 H - a wand of disintegration (8)
Comestibles
 f - 8 bread rations
 X - 7 meat rations
Scrolls
 b - 5 scrolls of remove curse
 d - 2 scrolls of identify
 j - a scroll of summoning
 l - 3 scrolls of enchant armour
 r - a scroll of enchant weapon III
 L - a scroll of noise
 O - 4 scrolls of recharging
 Q - a scroll of enchant weapon I
Jewellery
 e - the ring "Abrish" (left hand) {Wiz rPois Int+4}
   (You bought it in a shop on level 9 of the Dungeon)

   [ring of wizardry]

   It improves your spell success rate.
   It affects your intelligence (+4).
   It protects you from poison.
 o - an uncursed ring of fire
 p - an uncursed ring of teleportation
 v - a +3 ring of dexterity
 x - an amulet of resist mutation (around neck)
 B - an uncursed amulet of stasis
 E - a +3 ring of strength (right hand)
 M - an uncursed ring of see invisible
 U - an uncursed ring of positive energy
Potions
 i - a potion of resistance
 m - 3 potions of magic
 n - 2 potions of haste
 C - 6 potions of curing
 J - a potion of restore abilities
 V - a potion of might
 W - a potion of beneficial mutation
Books
 z - a book of Enchantments

   Spells                             Type                      Level
   Cause Fear                         Hexes                        4
   Silence                            Hexes/Air                    5
   Tukima's Dance                     Hexes                        5
   Deflect Missiles                   Charms/Air                   6
   Haste                              Charms                       6
   Discord                            Hexes                        8
 R - a book of Party Tricks

   Spells                             Type                      Level
   *Summon Butterflies                Summoning                    1
   *Apportation                       Translocation                1
   *Blink                             Translocation                2
   Alistair's Intoxication            Transmutation/Poison         4
   Tukima's Dance                     Hexes                        5
Miscellaneous
 q - a phial of floods (inert)
 G - a disc of storms
 T - a plain deck of wonders {the Helm}


   Skills:
 - Level 9.0 Fighting
 * Level 16.6 Axes
 - Level 2.0 Throwing
 + Level 11.7 Armour
 - Level 3.2 Dodging
 - Level 4.1 Spellcasting
 - Level 7.0 Translocations
 + Level 5.4 Invocations
 - Level 8.0 Evocations


You had 16 spell levels left.
You knew the following spells:

 Your Spells              Type           Power        Failure   Level  Hunger
a - Apportation           Tloc           ##........   1%          1    #......
b - Blink                 Tloc           N/A          1%          2    ##.....
c - Summon Butterflies    Summ           #.......     12%         1    #......


Dungeon Overview and Level Annotations

Branches:
Dungeon (12/15)            Temple (1/1) D:4             Orc (4/4) D:11
   Lair (8/8) D:10          Swamp (0/5) Lair:4       Spider (0/5) Lair:5
  Slime (0/6) Lair:8
    Elf: Orc:3-4

Altars:
Cheibriados
Dithmenos
Fedhas
Kikubaaqudgha
Makhleb
Nemelex Xobeh
Okawaru
Qazlal
Sif Muna
Trog
Yredelemnul
Zin
The Shining One
Beogh
Jiyva

Shops:
D:9 *=   D:12 *   Orc:4 ([

Annotations:
D:6 onwiheg's ghost, experienced TeBe
Orc:4 Fannar
Lair:3 Nergalle
Lair:8 SLIME


Innate Abilities, Weirdness & Mutations

You reflexively headbutt those who attack you in melee.
You have a pair of large horns on your head.
You have a beak for a mouth.
You have sharp toenails.
You are agile. (Dex +2)
You tend to lose your temper in combat.
You are very dopey. (Int -4)
Your magical capacity is low (-10% MP).
Potions and wands are less effective at restoring your health.


Message History

Drink which item? (? for menu, Esc to quit)
You feel better.
The orc wizard hits you but does no damage.
The deep elf fighter hits you with a long sword!
* * * LOW HITPOINT WARNING * * *
The orc warrior barely misses you. The orc wizard hits you with a dagger.
* * * LOW HITPOINT WARNING * * *
The deep elf fighter casts a spell at you.
You easily resist.
The orc priest hits you but does no damage.
The deep elf fighter casts a spell at you.
The magic dart hits you!
The deep elf fighter glows brightly for a moment.
The deep elf fighter hits you with a long sword.
* * * LOW HITPOINT WARNING * * *
The orc warrior barely misses you. You furiously retaliate!
You headbutt the orc warrior! The orc wizard closely misses you.
The deep elf fighter casts a spell at you.
The puff of flame hits you!
You die...

. .## ..#
....##..
#........
.#....... .
#....eee. # 8
#.$.oeeo# .#
.
#....*eeo#..#
#eeo@o..#
#....##eee#.#
# ..###.. ###
###


You could see an orc warrior, 10 deep elf fighters, 2 deep elf magi, an orc
priest, an orc wizard and 2 orcs.

Vanquished Creatures
  Gastronok (Lair:1)
  Snorg (Lair:6)
  Josephine (Orc:3)
  Erica (D:10)
  An unseen horror (D:11)
  Pikel (D:9)
  An orc sorcerer (Orc:1)
  An orc knight (Orc:4)
  A cyclops (D:11)
  A black mamba (Lair:2)
  10 spiny frogs
  An item mimic (Lair:5)
  Psyche (Orc:2)
  A feature mimic (Lair:3)
  6 komodo dragons
  A polar bear (D:11)
  A merfolk (Lair:8)
  4 fire drakes
  16 blink frogs
  2 giant leeches (Lair:8)
  A troll (Orc:4)
  A wyvern (Lair:4)
  14 ugly things (D:11)
  2 wraiths (D:12)
  2 elephant slugs (Lair:8)
  6 sharks
  6 hippogriffs
  6 vampire mosquitoes (Lair:8)
  2 hungry ghosts
  16 wolves
  33 yaks
  A deep elf mage (D:9)
  2 wargs
  Menkaure (D:7)
  5 porcupines
  2 necrophages (D:9)
  9 orc warriors
  A swamp drake (D:11)
  6 water moccasins
  An ice beast (D:12)
  A phantom (D:8)
  A yellow wasp (Lair:4)
  2 black bears
  2 centaurs
  7 ogres
  The ghost of hunterx7d the Magician, an average DsWz (D:3)
  11 giant slugs
  A big kobold (D:8)
  19 giant frogs
  11 crocodiles
  A wyvern skeleton (D:10)
  A killer bee (Lair:8)
  2 scorpions
  7 wights (D:11)
  A yak skeleton (D:10)
  5 hounds
  2 jellies
  3 crimson imps
  18 orc priests
  A giant frog skeleton (D:7)
  5 big fish (Lair:8)
  3 centaur zombies
  A black bear zombie (D:12)
  A two-headed ogre skeleton (D:11)
  An elf skeleton (D:9)
  A human zombie (Ossuary)
  6 iguanas
  23 orc wizards
  An ogre zombie (Orc:3)
  6 worker ants
  19 sheep
  A big kobold zombie (Ossuary)
  A hound skeleton (D:10)
  3 mummies
  18 adders
  43 green rats
  An ogre simulacrum (Orc:3)
  3 shadow imps
  4 giant mites
  An inept feature mimic (D:9)
  5 worms
  An adder zombie (D:6)
  3 orc skeletons
  A giant eyeball (Lair:8)
  5 oozes
  105 orcs
  6 ball pythons
  A bat zombie (D:7)
  14 goblins
  17 hobgoblins
  33 jackals
  13 kobolds
  14 quokkas
  13 bats
  5 giant geckos
  3 giant newts
  A giant newt skeleton (D:4)
  4 goblin zombies
  A hobgoblin skeleton (D:4)
  4 hobgoblin zombies
  2 jackal zombies (Ossuary)
  13 kobold zombies (Ossuary)
  11 orc zombies
  23 rats
  A rat zombie (Ossuary)
  3 ballistomycetes (D:10)
  3 fungi
  3 plants (Lair:8)
717 creatures vanquished.

Vanquished Creatures (collateral kills)
  A spiny frog (Lair:8)
  A water moccasin (Lair:8)
  A big fish (Lair:8)
3 creatures vanquished.

Vanquished Creatures (others)
  A water elemental (Orc:4)
  2 blink frogs (Lair:8)
  3 slaves (D:9)
  A crocodile (Lair:8)
  A jelly (D:9)
  2 sheep (Lair:8)
  An orc (Orc:4)
  A giant spore (D:10)
  2 plants (Lair:8)
14 creatures vanquished.

Grand Total: 734 creatures vanquished

Notes
Turn   | Place    | Note
--------------------------------------------------------------
     0 | D:1      | 4tharraofdagon, the Minotaur Gladiator, began the quest for the Orb.
     0 | D:1      | Reached XP level 1. HP: 18/18 MP: 1/1
    67 | D:1      | Reached skill level 4 in Axes
    85 | D:1      | Reached XP level 2. HP: 20/25 MP: 1/1
   231 | D:1      | Reached XP level 3. HP: 25/30 MP: 2/2
   383 | D:2      | Reached skill level 5 in Axes
   383 | D:2      | Reached skill level 1 in Armour
   493 | D:3      | Noticed hunterx7d's ghost (average DsWz)
   501 | D:3      | Killed hunterx7d's ghost
   501 | D:3      | Reached XP level 4. HP: 18/40 MP: 2/2
   523 | D:3      | Reached XP level 5. HP: 8/46 MP: 2/2
   523 | D:3      | Reached skill level 6 in Axes
   800 | D:4      | Reached XP level 6. HP: 31/52 MP: 3/3
   870 | D:4      | Found a sand-covered staircase.
   879 | Ossuary  | Entered an ossuary
   974 | Ossuary  | Reached skill level 1 in Evocations
   986 | Ossuary  | Reached skill level 7 in Axes
  1167 | D:4      | Found a staircase to the Ecumenical Temple.
  1176 | Temple   | Entered the Ecumenical Temple
  1257 | Temple   | Became a worshipper of the Shining One
  1478 | D:5      | Entered Level 5 of the Dungeon
  1565 | D:5      | Reached XP level 7. HP: 30/60 MP: 4/4
  1763 | D:5      | Found a viscous altar of Jiyva.
  1767 | D:5      | Reached skill level 5 in Fighting
  1853 | D:6      | Reached skill level 8 in Axes
  1864 | D:6      | Learned a level 1 spell: Apportation
  1864 | D:6      | Noticed onwiheg's ghost (experienced TeBe)
  1983 | D:6      | Acquired the Shining One's first power
  2053 | D:6      | Reached skill level 1 in Translocations
  2229 | D:7      | Got a thick robe
  2239 | D:7      | Identified the cursed -4 robe of the Hidden Vale {rF+} (You found it on level 7 of the Dungeon)
  2262 | D:7      | Reached XP level 8. HP: 34/68 MP: 6/6
  2267 | D:7      | Noticed Menkaure
  2281 | D:7      | Killed Menkaure
  2610 | D:8      | Reached skill level 1 in Spellcasting
  2664 | D:7      | Found a snail-covered altar of Cheibriados.
  2719 | D:8      | Reached skill level 9 in Axes
  2778 | D:8      | Found a shadowy altar of Dithmenos.
  2872 | D:8      | Reached skill level 5 in Armour
  2992 | D:9      | Found a burning altar of Makhleb.
  3045 | D:9      | Reached XP level 9. HP: 50/75 MP: 9/9
  3048 | D:9      | Found Frigai's Jewellery Emporium.
  3055 | D:9      | Found a staircase to the Orcish Mines.
  3057 | D:9      | Noticed Pikel
  3078 | D:9      | Killed Pikel
  3101 | D:9      | Noticed a gargoyle
  3146 | D:9      | Reached skill level 10 in Axes
  3189 | D:9      | Acquired the Shining One's second power
  3256 | D:10     | Entered Level 10 of the Dungeon
  3525 | D:10     | Gained mutation: You have a beak for a mouth. [potion of mutation]
  3525 | D:10     | Gained mutation: Potions and wands are less effective at restoring your health. [potion of mutation]
  3525 | D:10     | Gained mutation: You have sharp toenails. [potion of mutation]
  3573 | D:10     | Noticed Erica
  3583 | D:10     | Killed Erica
  3583 | D:10     | Reached XP level 10. HP: 66/86 MP: 10/12
  3729 | D:9      | Noticed a komodo dragon
  3827 | D:10     | Reached skill level 11 in Axes
  3927 | D:11     | Reached skill level 5 in Evocations
  3956 | D:11     | Noticed a cyclops
  3965 | D:11     | Killed a cyclops
  4004 | D:11     | Reached skill level 5 in Translocations
  4040 | D:11     | Noticed an unseen horror
  4043 | D:11     | Killed an unseen horror
  4309 | D:11     | Found a bloodstained altar of Trog.
  4448 | D:9      | the staircase to the Orcish Mines was a mimic.
  4526 | D:7      | You fall through a shaft!
  4532 | D:9      | Found Zucaeq's General Store.
  4540 | D:9      | Bought a scroll of enchant weapon I for 49 gold pieces
  4540 | D:9      | Bought a potion of curing for 28 gold pieces
  4582 | D:10     | Found a staircase to the Lair.
  4585 | Lair:1   | Entered Level 1 of the Lair of Beasts
  4640 | Lair:1   | Reached XP level 11. HP: 65/94 MP: 13/14
  4641 | Lair:1   | Noticed Gastronok
  4680 | Lair:1   | Killed Gastronok
  4680 | Lair:1   | Reached skill level 12 in Axes
  5269 | Lair:4   | Found a staircase to the Swamp.
  5321 | Lair:3   | Gained mutation: You tend to lose your temper in combat. [potion of mutation]
  5321 | Lair:3   | Gained mutation: You are agile. (Dex +2) [potion of mutation]
  5321 | Lair:3   | Gained mutation: Your magical capacity is low (-10% MP). [potion of mutation]
  5383 | Lair:3   | Gained mutation: You have a pair of large horns on your head. [potion of mutation]
  5383 | Lair:3   | Gained mutation: You are dopey. (Int -2) [potion of mutation]
  5383 | Lair:3   | Gained mutation: You are very dopey. (Int -4) [potion of mutation]
  5415 | Lair:3   | Noticed Nergalle
  5421 | Lair:3   | Noticed a spectral orc warlord
  5500 | Lair:3   | Learned a level 2 spell: Blink
  5852 | D:9      | Killed a komodo dragon
  5870 | D:9      | Found a blossoming altar of Fedhas.
  5917 | D:9      | Bought the ring "Abrish" {Wiz rPois Int+4} for 545 gold pieces
  5925 | D:9      | Learned a level 1 spell: Summon Butterflies
  6145 | Lair:5   | Found a hole to the Spider Nest.
  6242 | Lair:6   | Noticed Snorg
  6250 | Lair:6   | Killed Snorg
  6250 | Lair:6   | Reached XP level 12. HP: 32/100 MP: 16/16
  6304 | Lair:6   | Reached skill level 13 in Axes
  6469 | Lair:5   | Acquired the Shining One's third power
  6490 | Lair:5   | HP: 1/100 [yak (14)]
  6768 | Lair:5   | Reached skill level 14 in Axes
  7048 | Lair:7   | Noticed a five-headed hydra
  7071 | Lair:8   | Entered Level 8 of the Lair of Beasts
  7103 | Lair:8   | Reached skill level 10 in Armour
  7247 | Lair:8   | Reached skill level 1 in Invocations
  7552 | Lair:8   | Paralysed by a giant eyeball for 4 turns
  7575 | Lair:8   | Paralysed by a giant eyeball for 4 turns
  7621 | Lair:8   | Reached skill level 15 in Axes
  7801 | Lair:8   | Reached XP level 13. HP: 17/107 MP: 18/18
  8122 | Lair:8   | Found a staircase to the Slime Pits.
  9022 | D:12     | Found Blunu's General Store.
  9026 | D:12     | Bought a +2 pair of boots of stealth for 236 gold pieces
  9043 | D:11     | Reached skill level 16 in Axes
  9219 | D:11     | Found a staircase to the Orcish Mines.
  9268 | Orc:1    | Entered Level 1 of the Orcish Mines
  9288 | Orc:2    | Noticed Psyche
  9294 | Orc:2    | Killed Psyche
  9294 | Orc:2    | Reached skill level 5 in Invocations
  9431 | Orc:1    | Acquired the Shining One's fourth power
  9473 | Orc:1    | Found a roughly hewn altar of Beogh.
  9583 | Orc:3    | Noticed Josephine
  9591 | Orc:3    | Killed Josephine
  9643 | Orc:4    | Entered Level 4 of the Orcish Mines
  9766 | Orc:4    | Noticed an orc warlord
  9772 | Orc:4    | Found Sicur's Antique Weapon Shop.
  9772 | Orc:4    | Found Crev's Antique Armour Shoppe.
  9772 | Orc:4    | Noticed Fannar
  9773 | Orc:4    | :D
  9774 | Orc:4    | HP: 4/107 [orc high priest/divine providence (10)]
  9782 | Orc:4    | Killed from afar by a deep elf fighter

Action                   |  1- 3 |  4- 6 |  7- 9 | 10-12 | 13-15 || total
-------------------------+-------+-------+-------+-------+-------++-------
Melee: War axe           |    62 |   186 |   237 |   641 |   364 ||  1490
Throw: Throwing net      |       |     3 |     1 |       |       ||     4
       Dart              |       |       |     2 |     6 |       ||     8
 Cast: Apportation       |       |       |       |       |    28 ||    28
       Blink             |       |       |       |       |     2 ||     2
Invok: Divine Shield     |       |       |       |     1 |       ||     1
 Abil: Evoke Teleportati |       |       |     1 |     8 |       ||     9
Evoke: Wand              |       |     2 |     2 |    14 |     6 ||    24
       Phial of floods   |       |       |       |       |     1 ||     1
  Use: Potion            |     2 |     5 |     3 |     8 |     6 ||    24
       Scroll            |       |    12 |    15 |     7 |    14 ||    48
 Stab: Held in net/web   |       |     3 |       |       |       ||     3

Vault maps used:
D:1:      minmay_arrival_four_circles
D:2:      minmay_misc_feat_rows, kennysheep_flooded_box, uniq_jessica, uniq_iyjb
D:3:      kennysheep_goblin_castle, grunt_ministairs_1
D:4:      old_forge, minmay_temple_entry_glass, gup_ossuary_entry_pyramid,
          portal_sewer_entry_e, first_bread
D:5:      serial_bayou_ford_a, jiyva_altar_1
D:6:      minitemple, kennysheep_generic_room_15
D:7:      lemuel_crystal_altar, basic_altar, uniq_menkaure
D:8:      grunt_rat_hole, grunt_dithmenos_shadows
D:9:      fedhas_bush_and_centaur_altar, bloody_makhleb, orc_0_dummy,
          serial_shops, shop, shop, library_closet, kennysheep_generic_room_14,
          uniq_pikel
D:10:     lair_0_dummy, uniq_erica
D:11:     erik_orc_1, hangedman_decor_points, trog_ov_bears_minmay
D:12:     serial_shops, shop, minmay_misc_feat_hallway
Temple:   oiseaux_autumnal_temple_12
Orc:1:    nicolae_orc_accident_3, basic_altar
Orc:2:    uniq_psyche
Orc:3:    lemuel_ogre_cave, nicolae_orc_pool_cavern, mines4_lemuel,
          uniq_josephine
Orc:4:    grunt_orc_gardens, grunt_orc_garden, grunt_orc_garden,
          grunt_orc_garden, grunt_orc_garden, elves_outpost_lemuel, uniq_fannar
Lair:1:   uniq_gastronok
Lair:2:   basic_altar, lemuel_fruit_tree
Lair:3:   uniq_nergalle
Lair:4:   boulder_dual_corridor_run, swamp_mist
Lair:5:   dummy_spider_entry, infiniplex_staircase_pool
Lair:6:   minmay_stone_trees_medium, bh_autumn_forest_stairs, uniq_snorg
Lair:7:   serial_bayou_pond_d
Lair:8:   minmay_lair_end_frog_pond, nicolae_slime_entry_corroded_items,
          st_stairs_6, baited_tele_trap
Ossuary:  ossuary_tomb_1
